[ AOE2 MATCH · #504833082 ]
UnrankedCelts vs Poles
Player's team · WIN
Rival team · LOSS
[ REPLAY ANALYSIS · EXTRACTED FROM THE RECORDED GAME ]
Feudal
14:26
Castle
21:52
Imperial
—
| APM avg | 67.4 |
| APM peak | 110 |
| eAPM avg | 32.1 |
| Villagers / military | 60 / 127 |
Focus
⚔️ 66.9% · 🌾 33.1%
Militia ×115 · Scorpion ×9 · Mangonel ×3
Feudal
12:49
Castle
25:35
Imperial
—
| APM avg | 91.2 |
| APM peak | 175 |
| eAPM avg | 62.2 |
| Villagers / military | 80 / 72 |
Focus
⚔️ 75.0% · 🌾 25.0%
Cavalry Archer ×33 · Archer ×18 · Knight ×10 · Militia ×7 · Scout Cavalry ×4
Match map
Initial resources + every placement click. Lines = walls · curves = elevation contours. ◆ gold · ⬟ stone · ● berries · ✦ relic · ◌ wall gap
Your base· ✓ Closed at 21:52 · 87t walls · no gate
streetpete's base· ✓ Closed at 25:35 · 46t walls · 1 gate(s)
Smoothed initial terrain · ◌ = detected wall gap · hover for details
Inputs per minute
— Dr. Wiley!!! - - streetpete
Build order — Dr. Wiley!!!
First 150 of 270 actions detected
| 0:00 | Queue | Villager (Male) |
| 0:01 | Queue | Villager (Male) |
| 0:02 | Build | House |
| 0:03 | Build | House |
| 0:08 | Queue | Villager (Male) |
| 0:10 | Queue | Villager (Male) |
| 1:25 | Queue | Villager (Male) |
| 1:51 | Queue | Villager (Male) |
| 2:25 | Queue | Villager (Male) |
| 2:48 | Queue | Villager (Male) |
| 3:00 | Build | Barracks |
| 3:01 | Build | Palisade Wall |
| 3:02 | Build | Palisade Wall |
| 3:03 | Build | Palisade Wall |
| 3:08 | Queue | Villager (Male) |
| 3:13 | Build | House |
| 3:34 | Queue | Villager (Male) |
| 3:48 | Queue | Villager (Male) |
| 4:02 | Queue | Militia |
| 4:14 | Build | House |
| 4:21 | Queue | Villager (Male) |
| 4:31 | Queue | Militia |
| 4:44 | Queue | Villager (Male) |
| 4:56 | Queue | Militia |
| 4:56 | Queue | Militia |
| 5:01 | Build | House |
| 5:12 | Queue | Villager (Male) |
| 5:24 | Queue | Militia |
| 5:50 | Queue | Villager (Male) |
| 5:59 | Queue | Villager (Male) |
| 6:05 | Build | House |
| 6:49 | Queue | Villager (Male) |
| 6:50 | Queue | Villager (Male) |
| 6:57 | Build | House |
| 7:01 | Queue | Villager (Male) |
| 7:07 | Queue | Militia |
| 7:36 | Build | House |
| 7:38 | Build | Palisade Wall |
| 7:39 | Build | Palisade Wall |
| 7:40 | Build | Palisade Wall |
| 7:41 | Queue | Villager (Male) |
| 7:47 | Queue | Villager (Male) |
| 7:48 | Queue | Villager (Male) |
| 8:25 | Queue | Villager (Male) |
| 8:34 | Queue | Villager (Male) |
| 8:36 | Build | House |
| 8:41 | Build | Palisade Wall |
| 8:42 | Build | Palisade Wall |
| 8:43 | Build | Palisade Wall |
| 8:46 | Queue | Villager (Male) |
| 8:53 | Build | Mill |
| 9:14 | Queue | Villager (Male) |
| 9:17 | Queue | Villager (Male) |
| 9:21 | Queue | Villager (Male) |
| 9:35 | Build | Palisade Wall |
| 9:36 | Build | Palisade Wall |
| 9:37 | Build | Palisade Wall |
| 9:56 | Queue | Villager (Male) |
| 10:14 | Queue | Militia |
| 10:17 | Queue | Villager (Male) |
| 10:38 | Queue | Militia |
| 10:38 | Queue | Militia |
| 11:01 | Queue | Militia |
| 11:01 | Queue | Militia |
| 11:07 | Build | House |
| 11:26 | Queue | Villager (Male) |
| 11:37 | Build | Lumber Camp |
| 11:42 | Queue | Militia |
| 11:42 | Queue | Militia |
| 11:56 | Queue | Villager (Male) |
| 12:12 | Research | Feudal Age |
| 12:12 | Research | Feudal Age |
| 12:15 | Queue | Militia |
| 12:36 | Build | Farm |
| 12:36 | Build | Farm |
| 12:36 | Build | Farm |
| 12:37 | Build | Farm |
| 12:37 | Build | Farm |
| 12:51 | Queue | Villager (Male) |
| 13:11 | Build | Mining Camp |
| 13:14 | Build | Farm |
| 13:14 | Build | Farm |
| 13:15 | Build | Farm |
| 13:15 | Build | Farm |
| 13:15 | Build | Farm |
| 13:19 | Queue | Militia |
| 13:23 | Build | House |
| 13:26 | Queue | Villager (Male) |
| 13:37 | Build | Lumber Camp |
| 14:01 | Build | Palisade Wall |
| 14:08 | Build | House |
| 14:09 | Build | House |
| 14:12 | Queue | Militia |
| 14:23 | Build | Farm |
| 14:26 | Age | Feudal Age |
| 14:29 | Research | Man-at-Arms (upgrade) |
| 14:29 | Research | Man-at-Arms (upgrade) |
| 14:38 | Build | Farm |
| 14:39 | Build | Farm |
| 14:44 | Queue | Militia |
| 14:52 | Research | Double-Bit Axe |
| 15:02 | Queue | Militia |
| 15:07 | Queue | Villager (Male) |
| 15:09 | Build | Farm |
| 15:09 | Build | Farm |
| 15:10 | Build | Farm |
| 15:10 | Build | Farm |
| 15:15 | Queue | Militia |
| 15:19 | Queue | Villager (Male) |
| 15:25 | Research | Arson |
| 15:40 | Build | Farm |
| 15:43 | Build | Farm |
| 15:45 | Build | Farm |
| 15:46 | Queue | Militia |
| 15:50 | Queue | Villager (Male) |
| 15:58 | Queue | Militia |
| 16:08 | Queue | Villager (Male) |
| 16:12 | Build | Market |
| 16:22 | Build | Palisade Wall |
| 16:26 | Queue | Villager (Male) |
| 16:28 | Build | House |
| 16:29 | Build | House |
| 16:31 | Build | Palisade Wall |
| 16:53 | Build | Farm |
| 16:54 | Build | Farm |
| 16:54 | Build | Farm |
| 16:54 | Build | Farm |
| 16:54 | Build | Farm |
| 16:58 | Queue | Villager (Male) |
| 17:07 | Build | Farm |
| 17:07 | Build | Farm |
| 17:08 | Build | Farm |
| 17:08 | Build | Farm |
| 17:17 | Research | Loom |
| 17:23 | Build | Blacksmith |
| 17:27 | Queue | Villager (Male) |
| 17:45 | Build | Palisade Wall |
| 17:49 | Build | Palisade Wall |
| 18:03 | Queue | Villager (Male) |
| 18:07 | Build | House |
| 18:08 | Build | House |
| 18:10 | Build | Stone Wall |
| 18:45 | Queue | Villager (Male) |
| 19:03 | Queue | Villager (Male) |
| 19:12 | Research | Castle Age |
| 19:24 | Build | Barracks |
| 19:27 | Build | Barracks |
| 19:34 | Build | Farm |
| 19:35 | Queue | Militia |
| 19:35 | Queue | Militia |
Build order — streetpete
First 150 of 250 actions detected
| 0:00 | Queue | Villager (Male) |
| 0:01 | Queue | Villager (Male) |
| 0:01 | Build | House |
| 0:02 | Build | House |
| 0:09 | Queue | Villager (Male) |
| 0:09 | Queue | Villager (Male) |
| 1:23 | Queue | Villager (Male) |
| 1:24 | Queue | Villager (Male) |
| 1:46 | Build | Lumber Camp |
| 1:49 | Queue | Villager (Male) |
| 1:49 | Queue | Villager (Male) |
| 2:19 | Queue | Villager (Male) |
| 2:53 | Queue | Villager (Male) |
| 2:53 | Queue | Villager (Male) |
| 3:16 | Queue | Villager (Male) |
| 3:16 | Queue | Villager (Male) |
| 3:26 | Queue | Villager (Male) |
| 3:26 | Queue | Villager (Male) |
| 3:37 | Build | House |
| 3:53 | Queue | Villager (Male) |
| 3:53 | Queue | Villager (Male) |
| 4:19 | Build | Mill |
| 4:26 | Queue | Villager (Male) |
| 4:29 | Queue | Villager (Male) |
| 4:29 | Queue | Villager (Male) |
| 5:14 | Queue | Villager (Male) |
| 5:15 | Queue | Villager (Male) |
| 5:43 | Research | Loom |
| 6:22 | Queue | Villager (Male) |
| 6:34 | Queue | Villager (Male) |
| 7:09 | Queue | Villager (Male) |
| 7:26 | Queue | Villager (Male) |
| 7:59 | Queue | Villager (Male) |
| 7:59 | Queue | Villager (Male) |
| 7:59 | Queue | Villager (Male) |
| 8:00 | Queue | Villager (Male) |
| 8:00 | Queue | Villager (Male) |
| 8:24 | Queue | Villager (Male) |
| 8:36 | Build | Mining Camp |
| 8:39 | Build | Barracks |
| 8:56 | Queue | Villager (Male) |
| 9:05 | Queue | Villager (Male) |
| 9:34 | Queue | Villager (Male) |
| 9:49 | Build | Mill |
| 9:58 | Build | Palisade Wall |
| 10:24 | Queue | Villager (Male) |
| 10:39 | Research | Feudal Age |
| 10:39 | Research | Feudal Age |
| 11:20 | Build | Mining Camp |
| 11:30 | Queue | Militia |
| 11:31 | Queue | Militia |
| 11:57 | Build | House |
| 12:00 | Build | Palisade Wall |
| 12:05 | Build | House |
| 12:06 | Build | Palisade Wall |
| 12:07 | Build | Palisade Wall |
| 12:09 | Build | Palisade Wall |
| 12:13 | Queue | Militia |
| 12:32 | Queue | Militia |
| 12:36 | Build | House |
| 12:39 | Build | Palisade Wall |
| 12:43 | Build | House |
| 12:44 | Build | Palisade Wall |
| 12:49 | Age | Feudal Age |
| 13:02 | Build | Farm |
| 13:04 | Build | Farm |
| 13:10 | Queue | Villager (Male) |
| 13:11 | Queue | Villager (Male) |
| 13:19 | Build | Archery Range |
| 13:24 | Build | Farm |
| 13:30 | Build | Farm |
| 13:46 | Research | Man-at-Arms (upgrade) |
| 13:47 | Research | Man-at-Arms (upgrade) |
| 13:54 | Queue | Militia |
| 13:59 | Build | Farm |
| 14:15 | Queue | Villager (Male) |
| 14:16 | Queue | Villager (Male) |
| 14:16 | Queue | Villager (Male) |
| 14:20 | Research | Horse Collar |
| 14:21 | Research | Horse Collar |
| 14:26 | Build | House |
| 14:32 | Build | Palisade Wall |
| 14:34 | Queue | Villager (Male) |
| 14:52 | Queue | Militia |
| 14:53 | Queue | Archer |
| 14:54 | Queue | Archer |
| 15:02 | Queue | Villager (Male) |
| 15:06 | Build | House |
| 15:10 | Queue | Militia |
| 15:19 | Build | Palisade Wall |
| 15:25 | Build | Farm |
| 15:27 | Queue | Villager (Male) |
| 15:53 | Queue | Villager (Male) |
| 15:57 | Queue | Archer |
| 16:04 | Queue | Archer |
| 16:08 | Queue | Villager (Male) |
| 16:12 | Build | Farm |
| 16:47 | Queue | Villager (Male) |
| 16:48 | Queue | Villager (Male) |
| 16:56 | Build | Farm |
| 16:58 | Build | Farm |
| 17:16 | Research | Double-Bit Axe |
| 17:16 | Research | Double-Bit Axe |
| 17:17 | Queue | Archer |
| 17:40 | Queue | Villager (Male) |
| 17:40 | Queue | Villager (Male) |
| 17:43 | Build | Farm |
| 17:50 | Queue | Archer |
| 17:51 | Queue | Archer |
| 18:04 | Build | Palisade Wall |
| 18:10 | Build | Blacksmith |
| 18:11 | Build | House |
| 18:14 | Queue | Villager (Male) |
| 18:14 | Queue | Villager (Male) |
| 18:44 | Queue | Archer |
| 18:44 | Queue | Archer |
| 18:51 | Research | Fletching |
| 18:57 | Queue | Villager (Male) |
| 19:04 | Build | Mill |
| 19:04 | Build | Farm |
| 19:05 | Build | Farm |
| 19:05 | Build | Farm |
| 19:31 | Build | Stable |
| 19:34 | Queue | Villager (Male) |
| 19:34 | Queue | Villager (Male) |
| 19:34 | Queue | Villager (Male) |
| 19:34 | Queue | Villager (Male) |
| 19:35 | Queue | Archer |
| 20:10 | Queue | Archer |
| 20:14 | Build | House |
| 20:15 | Build | House |
| 20:16 | Queue | Scout Cavalry |
| 20:16 | Queue | Scout Cavalry |
| 20:18 | Build | Farm |
| 20:20 | Build | Farm |
| 20:31 | Queue | Archer |
| 20:31 | Queue | Archer |
| 20:56 | Build | Farm |
| 20:56 | Build | Farm |
| 20:57 | Queue | Villager (Male) |
| 21:00 | Queue | Scout Cavalry |
| 21:15 | Build | Farm |
| 21:16 | Build | Farm |
| 21:20 | Queue | Archer |
| 21:21 | Queue | Villager (Male) |
| 21:43 | Queue | Scout Cavalry |
| 22:40 | Queue | Archer |
| 22:45 | Build | Gate |
| 22:55 | Research | Castle Age |
| 22:55 | Research | Castle Age |
Match timeline
| 3:00 | Dr. Wiley!!! · first_building Barracks |
| 3:01 | Dr. Wiley!!! · wall_segment Palisade Wall x1 |
| 3:02 | Dr. Wiley!!! · wall_segment Palisade Wall x1 |
| 3:03 | Dr. Wiley!!! · wall_segment Palisade Wall x1 |
| 7:38 | Dr. Wiley!!! · wall_segment Palisade Wall x1 |
| 7:39 | Dr. Wiley!!! · wall_segment Palisade Wall x1 |
| 7:40 | Dr. Wiley!!! · wall_segment Palisade Wall x1 |
| 8:39 | streetpete · first_building Barracks |
| 8:41 | Dr. Wiley!!! · wall_segment Palisade Wall x1 |
| 8:42 | Dr. Wiley!!! · wall_segment Palisade Wall x1 |
| 8:43 | Dr. Wiley!!! · wall_segment Palisade Wall x1 |
| 9:35 | Dr. Wiley!!! · wall_segment Palisade Wall x1 |
| 9:36 | Dr. Wiley!!! · wall_segment Palisade Wall x1 |
| 9:37 | Dr. Wiley!!! · wall_segment Palisade Wall x1 |
| 9:58 | streetpete · wall_segment Palisade Wall x1 |
| 12:00 | streetpete · wall_segment Palisade Wall x6 |
| 12:06 | streetpete · wall_segment Palisade Wall x1 |
| 12:07 | streetpete · wall_segment Palisade Wall x9 |
| 12:09 | streetpete · wall_segment Palisade Wall x7 |
| 12:39 | streetpete · wall_segment Palisade Wall x10 |
| 12:44 | streetpete · wall_segment Palisade Wall x4 |
| 12:49 | streetpete · age_up feudal |
| 13:19 | streetpete · first_building Archery Range |
| 14:01 | Dr. Wiley!!! · wall_segment Palisade Wall x14 |
| 14:26 | Dr. Wiley!!! · age_up feudal |
| 14:32 | streetpete · wall_segment Palisade Wall x1 |
| 15:19 | streetpete · wall_segment Palisade Wall x1 |
| 16:22 | Dr. Wiley!!! · wall_segment Palisade Wall x8 |
| 16:31 | Dr. Wiley!!! · wall_segment Palisade Wall x8 |
| 17:45 | Dr. Wiley!!! · wall_segment Palisade Wall x16 |
| 17:49 | Dr. Wiley!!! · wall_segment Palisade Wall x9 |
| 18:04 | streetpete · wall_segment Palisade Wall x1 |
| 18:10 | Dr. Wiley!!! · wall_segment Stone Wall x4 |
| 19:07 | Dr. Wiley!!! · first_market_buy 100 food |
| 19:07 | Dr. Wiley!!! · first_market_sell 100 wood |
| 19:31 | streetpete · first_building Stable |
| 20:26 | Dr. Wiley!!! · wall_segment Stone Wall x1 |
| 20:28 | Dr. Wiley!!! · wall_segment Stone Wall x12 |
| 21:35 | Dr. Wiley!!! · wall_segment Stone Wall x1 |
| 21:43 | Dr. Wiley!!! · wall_segment Stone Wall x1 |
| 21:47 | Dr. Wiley!!! · wall_segment Stone Wall x1 |
| 21:52 | Dr. Wiley!!! · age_up castle |
| 23:24 | Dr. Wiley!!! · wall_segment Palisade Wall x1 |
| 24:37 | streetpete · wall_segment Palisade Wall x3 |
| 25:06 | streetpete · wall_segment Palisade Wall x2 |
| 25:09 | Dr. Wiley!!! · first_building Siege Workshop |
| 25:35 | streetpete · age_up castle |
| 27:38 | streetpete · wall_segment Palisade Wall x1 |
| 28:37 | streetpete · first_market_sell 100 wood |
| 29:40 | streetpete · first_market_buy 100 food |
| 32:53 | streetpete · resign |
[ AI ANALYSIS · 1 CREDIT ]
What really happened in this match?
Wolo.gg analyzes every decision: build order, eco, micro, common mistakes by bracket. Personalized analysis on WhatsApp or Discord in 30 seconds.
Civ guide
Celts
Perfil
Jugador #21733994